 Dungeon Crawl Stone Soup version 0.21-a0-538-gd16b88a (webtiles) character file.

39813 mortelune the Arsonist (level 13, -5/116 HPs)
             Began as a Yellow Draconian Fire Elementalist on Dec 16, 2017.
             Was a High Priest of Ashenzari.
             Killed from afar by an ice statue (20 damage)
             ... with a freezing blast
             ... in an ice cave.
             The game lasted 01:54:39 (35322 turns).

mortelune the Arsonist (DrFE)                      Turns: 35322, Time: 01:54:40

Health: -5/116     AC: 11    Str: 11    XL:     13   Next: 71%
Magic:  16/27      EV: 13    Int: 25    God:    Ashenzari [*****.]
Gold:   1153       SH:  5    Dex: 12    Spells: 14/32 levels left

rFire    . . .     SeeInvis +   S - +3 trident (curse)
rCold    . . .     Gourm    .   G - +0 buckler "Vutodd" {rN+} (curse)
rNeg     + . .     Faith    .   (armour unavailable)
rPois    .         Spirit   .   (helmet restricted)
rElec    .         Reflect  .   g - +1 cloak (curse)
rCorr    +         Harm     .   (no gloves)
MR       +....     Clarity  +   i - +0 pair of boots (curse)
Stlth    ++........             (no amulet)
HPRegen  0.29/turn              P - ring of protection from magic (curse)
MPRegen  0.20/turn              x - +5 ring of intelligence (curse)

@: slowed, very slow
A: spit acid, acid resistance, unfitting armour, cold-blooded, AC +8
a: Breathe Acid, Curse Item, Scrying, Transfer Knowledge, Renounce Religion


You were in an ice cave.
You worshipped Ashenzari.
Ashenzari was extremely pleased with you.
You were not hungry.

You visited 3 branches of the dungeon, and saw 19 of its levels.
You also visited: Bailey and Ice Cave.

You collected 1153 gold pieces.

Inventory:

Hand Weapons
 S - a cursed +3 trident (weapon)
Armour
 g - a cursed +1 cloak (worn)
 i - a cursed +0 pair of boots (worn)
 G - the cursed +0 buckler "Vutodd" (worn) {rN+}
   (You found it on level 6 of the Dungeon)

   It protects you from negative energy.
   It has a curse placed upon it.
Jewellery
 e - an uncursed ring of ice
 t - the ring of Phasing {EV+8}
   (You found it on level 6 of the Lair of Beasts)

   [ring of evasion]

   It affects your evasion (+8).
 x - a cursed +5 ring of intelligence (right hand)
 P - a cursed ring of protection from magic (left hand)
 W - an uncursed ring of flight
Wands
 p - a wand of random effects (39)
 H - a wand of iceblast (7)
 I - a wand of enslavement (14)
 L - a wand of scattershot (5)
 N - a wand of polymorph (17)
 X - a wand of paralysis (18)
 Z - a wand of flame (28)
Scrolls
 a - a scroll of torment {unknown}
 k - 4 scrolls of magic mapping
 n - 3 scrolls of fear
 o - 4 scrolls of enchant armour
 r - 2 scrolls of noise {unknown}
 u - 3 scrolls of remove curse
 v - a scroll of summoning {unknown}
 w - 2 scrolls of amnesia
 y - 2 scrolls of blinking {unknown}
 B - 3 scrolls of teleportation
 E - 2 scrolls of enchant weapon
 F - a scroll of vulnerability {unknown}
 O - a scroll of silence {unknown}
 Q - a scroll of acquirement {unknown}
 R - 2 scrolls of immolation {unknown}
 V - a scroll of holy word {unknown}
Potions
 c - a potion of resistance
 f - 2 potions of might
 h - 9 potions of curing
 l - 2 potions of degeneration {unknown}
 m - 2 potions of cancellation
 s - 2 potions of ambrosia
 z - 2 potions of brilliance
 A - 5 potions of lignification
 C - 4 potions of haste
 J - 2 potions of flight
 M - 2 potions of mutation
Miscellaneous
 K - a phantom mirror
 T - a lightning rod (4/4)
Comestibles
 b - 8 bread rations
 d - 3 fruits
 D - 8 royal jellies


   Skills:
 + Level 11.0 Fighting
 + Level 3.5 Dodging
 - Level 2.0 Stealth
 - Level 2.0(4.0) Shields
 + Level 10.4 Spellcasting
 + Level 11.9(14.2) Conjurations
 - Level 1.3(3.0) Translocations
 + Level 13.8(16.1) Fire Magic


You had 14 spell levels left.
You knew the following spells:

 Your Spells              Type           Power        Failure   Level  Hunger
a - Flame Tongue          Conj/Fire      #####        0%          1    None
b - Throw Flame           Conj/Fire      ######       0%          2    None
c - Conjure Flame         Conj/Fire      ######..     1%          3    None
d - Sticky Flame          Conj/Fire      ######..     1%          4    None
e - Fireball              Conj/Fire      ######....   1%          5    ####...
f - Blink                 Tloc           N/A          1%          2    None
g - Apportation           Tloc           ####..       1%          1    None


Dungeon Overview and Level Annotations

Branches:
Dungeon (12/15)            Temple (1/1) D:4            Lair (6/6) D:9
 Shoals (0/4) Lair:3        Snake (0/4) Lair:4        Slime (0/5) Lair:6
    Orc (0/2) D:9

Altars:
Ashenzari
Cheibriados
Dithmenos
Elyvilon
Fedhas
Gozag
Hepliaklqana
Kikubaaqudgha
Makhleb
Nemelex Xobeh
Okawaru
Qazlal
Ru
Sif Muna
Trog
Uskayaw
Vehumet
Wu Jian
Xom
Yredelemnul
Zin
The Shining One
Jiyva

Shops:
D:4 (

Annotations:
D:5 2 transporters IceCv exclusion: 2 ice statues


Innate Abilities, Weirdness & Mutations

You can spit globs of acid.
You are resistant to acid.
Your golden yellow scales are hard. (AC +8)
You cannot fit into any form of body armour.
You are cold-blooded and may be slowed by cold attacks.


Message History

The puff of flame hits the ice statue.
The ice statue melts!
The ice statue is heavily damaged.
You are engulfed in freezing vapours.
The ice statue burns!
The ice beast hits you. The ice beast freezes you!
The ice statue gestures at you. You block the shard of ice.
The ice beast barely misses you.
Casting: Throw Flame
Confirm with . or Enter, or press ? or * to list all spells.
Aiming: Throw Flame
Press: ? - help, Shift-Dir - straight line, f/p - ice statue
Aim: an ice statue (severely damaged, covered in liquid flames)
The puff of flame hits the ice statue.
The ice statue is severely damaged.
You are engulfed in freezing vapours.
You feel as though you will be slow longer.
* * * LOW HITPOINT WARNING * * *
The ice statue burns! x2
The ice statue gestures at you. The freezing blast engulfs you!
You die...

≈ ** *≈ *....## ≈ ≈ ≈ ≈*
≈ #.....## ≈####≈≈ ≈≈≈≈
*8......# ##..######≈≈
##......#
#....##..##*###.......#
..........###...Y.....##
.∩.∩.......#......§....#
.......##....##§§......#
#....#####..####@......#
##..## #### #8§Y§...##
#### ####.#.## ####


You could see 2 ice statues and 2 ice beasts.

Vanquished Creatures
  Fannar (Lair:1)
  Erolcha (D:9)
  2 two-headed ogres
  6 hydras
  A merfolk avatar (Lair:6)
  The ghost of Daviar the Covert, a journeyman FeMo of Dithmenos (Lair:6)
  A sea snake (Lair:5)
  An ugly thing (D:11)
  A cyclops (D:11)
  The ghost of tidbits the Insei, a novice GnTm of Cheibriados (D:6)
  3 black mambas
  6 elephants
  A gargoyle (D:11)
  Psyche (D:9)
  10 spiny frogs
  5 komodo dragons
  8 rime drakes
  Grinder (D:6)
  A wind drake (Lair:6)
  A troll (D:10)
  5 polar bears
  3 hornets
  3 blink frogs (Lair:6)
  8 hippogriffs
  3 wyverns
  4 hogs (D:7)
  A human (D:7)
  29 yaks
  A hungry ghost (D:11)
  2 steam dragons (D:12)
  3 basilisks
  An acid dragon (D:12)
  4 nagas (Lair:4)
  9 porcupines
  Duvessa (D:6)
  12 water moccasins
  6 orc warriors
  4 ice beasts
  2 sky beasts (D:7)
  5 ogres
  2 necrophages
  4 phantoms
  3 wolves (Lair:4)
  4 centaurs
  11 crocodiles
  7 bullfrogs
  Dowan (D:6)
  2 water moccasin zombies
  3 scorpions
  16 wights
  7 killer bees
  An electric eel (Lair:5)
  4 crimson imps
  7 hounds
  4 jellies
  A quasit (D:7)
  A bullfrog zombie (D:11)
  7 orc priests
  3 centaur skeletons
  Jessica (D:3)
  5 iguanas
  13 orc wizards
  7 worker ants
  A hound zombie (D:6)
  A hound skeleton (D:5)
  2 worker ant zombies
  Robin (D:4)
  A gnoll (D:3)
  9 adders
  2 shadow imps
  14 white imps
  7 ufetubi (IceCv)
  4 oozes
  An adder zombie (D:8)
  3 adder skeletons
  3 worms
  A dart slug (D:1)
  5 leopard geckos
  52 orcs
  5 giant cockroaches
  13 goblins
  15 hobgoblins
  6 jackals
  4 quokkas
  10 bats
  2 frilled lizards
  2 jackal zombies
  7 kobolds
  A leopard gecko skeleton (D:5)
  A quokka skeleton (D:6)
  7 rats
453 creatures vanquished.

Vanquished Creatures (others)
  A reaper (IceCv)
  2 white imps (IceCv)
  2 ufetubi (IceCv)
  10 fungi
  9 plants
24 creatures vanquished.

Grand Total: 477 creatures vanquished

Notes
Turn   | Place    | Note
-------+----------+-------------------------------------------
     0 | D:1      | mortelune the Draconian Fire Elementalist began the quest for the Orb.
     0 | D:1      | Reached XP level 1. HP: 14/14 MP: 3/3
   321 | D:1      | Reached XP level 2. HP: 20/20 MP: 3/5
  1038 | D:1      | Learned a level 2 spell: Throw Flame
  1605 | D:2      | Reached XP level 3. HP: 26/26 MP: 2/6
  1612 | D:2      | Learned a level 3 spell: Conjure Flame
  2478 | D:2      | Found a basalt altar of Yredelemnul.
  2480 | D:2      | Found a glowing golden altar of the Shining One.
  2485 | D:2      | Noticed an angel
  2499 | D:2      | Noticed a profane servitor
  3064 | D:3      | Reached XP level 4. HP: 33/33 MP: 2/7
  3862 | D:3      | Reached XP level 5. HP: 25/38 MP: 6/9
  3981 | D:3      | Reached skill level 4 in Fire Magic
  4120 | D:3      | Learned a level 4 spell: Sticky Flame
  4281 | D:3      | Noticed Jessica
  4292 | D:3      | Killed Jessica
  4602 | D:3      | Reached XP level 6. HP: 45/45 MP: 4/10
  5049 | D:3      | Found an iron altar of Okawaru.
  6188 | D:4      | Reached skill level 5 in Conjurations
  6296 | D:4      | Your scales start taking on a golden yellow colour.
  6296 | D:4      | Reached XP level 7. HP: 50/50 MP: 0/12
  6491 | D:4      | Found Ovirauta's Weapon Emporium.
  6519 | D:4      | Noticed Robin
  6535 | D:4      | Killed Robin
  6748 | D:4      | Found a staircase to the Ecumenical Temple.
  6873 | Temple   | Entered the Ecumenical Temple
  6960 | Temple   | Became a worshipper of Ashenzari the Shackled
  7298 | D:5      | Entered Level 5 of the Dungeon
  7566 | D:5      | Found a sparkling altar of Nemelex Xobeh.
  7820 | D:5      | Reached skill level 5 in Fire Magic
  8227 | D:5      | Found a transporter.
  8313 | D:5      | Found a bloodstained altar of Trog.
  8645 | D:5      | Found a transporter.
  8647 | D:5      | Noticed a fire bat
  8704 | D:6      | Reached XP level 8. HP: 57/57 MP: 1/14
  8893 | D:6      | Noticed Grinder
  9180 | D:6      | Learned a level 5 spell: Fireball
  9634 | D:6      | Reached skill level 1 in Fighting
  9805 | D:6      | Paralysed by Grinder for 5 turns
  9821 | D:6      | Killed Grinder
  9821 | D:6      | Reached skill level 5 in Spellcasting
  9821 | D:6      | Reached skill level 6 in Fire Magic
 10317 | D:6      | Found an ancient bone altar of Kikubaaqudgha.
 10324 | D:6      | Noticed tidbits's ghost (novice GnTm)
 10533 | D:6      | Killed tidbits's ghost
 10533 | D:6      | Reached skill level 7 in Fire Magic
 10533 | D:6      | Reached XP level 9. HP: 67/69 MP: 3/17
 10897 | D:6      | Noticed Duvessa
 10897 | D:6      | Noticed Dowan
 10914 | D:6      | Killed Duvessa
 10918 | D:6      | Killed Dowan
 10921 | D:6      | Found an ornate altar of the Wu Jian Council.
 10921 | D:6      | Found a glowing silver altar of Zin.
 11242 | D:6      | Found a shimmering altar of Xom.
 11313 | D:6      | Found a shimmering altar of Xom.
 11315 | D:6      | Found a shimmering altar of Xom.
 11316 | D:6      | Found a shimmering altar of Xom.
 11317 | D:6      | Found a shimmering altar of Xom.
 11317 | D:6      | Found a shimmering altar of Xom.
 11318 | D:6      | Found a shimmering altar of Xom.
 11318 | D:6      | Found a shimmering altar of Xom.
 11318 | D:6      | Found a shimmering altar of Xom.
 11329 | D:6      | Got the uncursed buckler "Vutodd" {rN+}
 11335 | D:6      | Identified the +0 buckler "Vutodd" {rN+} (You found it on level 6 of the Dungeon)
 12118 | D:7      | Reached skill level 8 in Fire Magic
 12633 | D:7      | Reached * piety under Ashenzari
 12751 | D:7      | Found a hide-covered altar of Uskayaw.
 13009 | D:7      | Reached skill level 5 in Fighting
 13141 | D:7      | Found a hazy altar of Hepliaklqana.
 13299 | D:7      | Found a shimmering altar of Xom.
 13302 | D:7      | Found a burning altar of Makhleb.
 13450 | D:7      | Reached XP level 10. HP: 81/81 MP: 11/19
 13453 | D:7      | Reached skill level 9 in Fire Magic
 15867 | D:9      | Noticed Erolcha
 16302 | D:9      | Killed Erolcha
 16302 | D:9      | Reached skill level 10 in Fire Magic
 16565 | D:9      | Found a staircase to the Lair.
 16622 | D:9      | Found a staircase to the Orcish Mines.
 16975 | D:9      | Noticed a two-headed ogre
 16983 | D:9      | Killed a two-headed ogre
 17373 | D:10     | Entered Level 10 of the Dungeon
 17429 | D:10     | Noticed Psyche
 17448 | D:9      | Killed Psyche
 17448 | D:9      | Reached XP level 11. HP: 90/91 MP: 13/22
 17823 | D:10     | Reached ** piety under Ashenzari
 18694 | D:10     | Noticed a two-headed ogre
 18729 | D:10     | Killed a two-headed ogre
 18729 | D:10     | Reached skill level 11 in Fire Magic
 19195 | D:11     | Found a flagged portal.
 19302 | Bailey   | Entered a bailey
 19302 | Bailey   | Noticed an orc knight
 19302 | Bailey   | Noticed an orc knight
 19302 | Bailey   | Noticed an orc knight
 19309 | Bailey   | Noticed an orc knight
 20220 | D:11     | Noticed a white ugly thing
 20235 | D:11     | Killed a white ugly thing
 21274 | Lair:1   | Entered Level 1 of the Lair of Beasts
 21931 | Lair:1   | Reached skill level 10 in Conjurations
 22017 | Lair:1   | Noticed Fannar
 22040 | Lair:1   | HP: 3/141 [Fannar/staff of cold (12)]
 22253 | Lair:1   | Killed Fannar
 22731 | Lair:2   | Reached skill level 12 in Fire Magic
 23022 | Lair:2   | Reached *** piety under Ashenzari
 23067 | Lair:2   | Learned a level 2 spell: Blink
 23132 | Lair:2   | Noticed a seven-headed hydra
 23140 | Lair:2   | Killed a seven-headed hydra
 23140 | Lair:2   | Reached XP level 12. HP: 103/103 MP: 5/24
 25387 | Lair:3   | Found a staircase to the Shoals.
 26322 | Lair:3   | Reached **** piety under Ashenzari
 27043 | Lair:4   | Reached skill level 13 in Fire Magic
 27666 | Lair:4   | Noticed a five-headed hydra
 27682 | Lair:4   | Killed a five-headed hydra
 28403 | Lair:4   | Found a staircase to the Snake Pit.
 28781 | Lair:5   | Noticed an eight-headed hydra
 28786 | Lair:5   | Killed an eight-headed hydra
 28979 | Lair:5   | Noticed an eight-headed hydra
 28989 | Lair:5   | Killed an eight-headed hydra
 28989 | Lair:5   | Reached XP level 13. HP: 78/113 MP: 1/26
 29395 | Lair:5   | Reached skill level 10 in Fighting
 29474 | Lair:5   | Learned a level 1 spell: Apportation
 30056 | Lair:6   | Entered Level 6 of the Lair of Beasts
 30064 | Lair:6   | Reached skill level 1 in Shields
 30072 | Lair:6   | Noticed Daviar's ghost (journeyman FeMo)
 30731 | Lair:6   | Reached ***** piety under Ashenzari
 31337 | Lair:6   | Reached skill level 10 in Spellcasting
 31344 | Lair:6   | Noticed a dire elephant
 31994 | Lair:6   | Reached skill level 1 in Translocations
 32318 | Lair:6   | Found the ring of Phasing {EV+8}
 33631 | Lair:6   | Killed Daviar's ghost
 33794 | Lair:6   | Found a runed door.
 33795 | Lair:6   | Found a viscous altar of Jiyva.
 33808 | Lair:6   | Found a staircase to the Slime Pits.
 35093 | D:12     | Found a frozen archway.
 35107 | IceCv    | Entered an ice cave
 35223 | IceCv    | Killed a reaper
 35322 | IceCv    | Killed from afar by an ice statue

Vault maps used:
D:1:      dpeg_arrival_round_c
D:2:      grunt_temple_overflow_holy_war, roderic_roman_lattice
D:3:      minmay_wonky_spiral, okawaru_altar_gauntlet_db, uniq_jessica
D:4:      minmay_temple_entry_nine_rooms, first_bread, serial_shops,
          nicolae_shop_crystal, uniq_robin
D:5:      gammafunk_cloud_chamber, lightli_temple_of_fire,
          nemelex_xobeh_ov_fountains_minmay
D:6:      kiku_gazebo_garden_becter, gammafunk_temple_overflow_elements,
          xom_redecorated, uniq_grinder, uniq_duvessa
D:7:      eat_drink_and_be_merry_uskayaw, minmay_overflow_temple_star_quad,
          grunt_livestock
D:8:      kennysheep_generic_room_14
D:9:      grunt_lair_entry_orc_guard_hut, orc_0_dummy, uniq_erolcha
D:10:     uniq_psyche
D:11:     enter_bailey_8
D:12:     portal_ice_cave_entry_imps
Temple:   eino_temple_lava
Lair:1:   serial_bayou_pond_e, uniq_fannar
Lair:2:   serial_bayou_shore_b
Lair:3:   shoals_dummy_entry, grunt_megastairs_5
Lair:4:   minmay_snake_entry_guardpost_large
Lair:5:   infiniplex_staircase_pool
Lair:6:   gammafunk_lair_ancient_temple, slime_altar_2
Bailey:   bailey_polearm_4, bailey
IceCv:    ice_cave_small_demon

Skill      XL: |  1  2  3  4  5  6  7  8  9 10 11 12 13 |
---------------+----------------------------------------+-----
Stealth        | 2 |  2.0
Dodging        | 2 3 |  3.5
Conjurations   | 2 3 4 5 6 7 8 9 10 11 | 11.9
Spellcasting   | 3 4 5 6 7 8 9 10 | 10.4
Fire Magic     | 4 5 7 8 10 12 13 | 13.8
Fighting       | 3 5 6 8 9 11 | 11.0
Shields        | 2 |  2.0
Translocations | 1 |  1.3

Action                   |  1- 3 |  4- 6 |  7- 9 | 10-12 | 13-15 || total
-------------------------+-------+-------+-------+-------+-------++-------
Melee: Club              |     7 |       |       |       |       ||     7
       Tailslap          |     3 |     5 |     8 |     8 |     2 ||    26
       Mace              |    14 |    45 |    44 |    34 |       ||   137
       Spear             |       |       |    17 |       |       ||    17
       Trident           |       |       |       |    81 |    12 ||    93
 Cast: Flame Tongue      |    47 |    94 |   171 |   230 |    40 ||   582
       Throw Flame       |    14 |    35 |    91 |   293 |   216 ||   649
       Conjure Flame     |       |     4 |    10 |    22 |     5 ||    41
       Sticky Flame      |       |       |    16 |    54 |    40 ||   110
       Fireball          |       |       |     2 |    36 |    16 ||    54
       Blink             |       |       |       |       |    11 ||    11
Invok: Curse Item        |       |       |     1 |     5 |       ||     6
 Abil: Breathe Acid      |       |       |     2 |     2 |     1 ||     5
Evoke: Wand              |       |       |     1 |       |       ||     1
  Use: Scroll            |       |     6 |       |    12 |     5 ||    23
       Potion            |       |     1 |       |     6 |     7 ||    14
 Stab: Sleeping          |     2 |       |       |       |       ||     2
  Eat: Chunk             |     6 |    12 |    19 |    38 |     4 ||    79
       Fruit             |     1 |       |     2 |    10 |       ||    13
       Royal jelly       |       |       |     2 |       |       ||     2
       Meat ration       |       |       |       |     3 |     3 ||     6
Armor: Skin              |    17 |    22 |    48 |   117 |    45 ||   249
Dodge: Dodged            |    31 |    44 |    84 |   159 |    63 ||   381
Block: Buckler           |       |       |     3 |    50 |    22 ||    75

Table legend:
 A = Spawn XP
 B = Non-spawn XP
 C = Spawn XP percentage of total XP
 D = Spawn monster count
 E = Non-spawn monster count
 F = Spawn count percentage of total count
 G = Total turns spent on level
                    A         B        C        D         E        F      G
               +---------+---------+-------+---------+---------+-------+---------
         Total |       0 |   56876 |   0.0 |       0 |     453 |   0.0 | 35322
               +---------+---------+-------+---------+---------+-------+---------
           D:1 |       0 |      37 |   0.0 |       0 |      21 |   0.0 |  1681
           D:2 |       0 |      64 |   0.0 |       0 |      23 |   0.0 |  2022
           D:3 |       0 |     365 |   0.0 |       0 |      39 |   0.0 |  2077
           D:4 |       0 |     404 |   0.0 |       0 |      21 |   0.0 |  1867
           D:5 |       0 |     347 |   0.0 |       0 |      11 |   0.0 |  2593
           D:6 |       0 |    2096 |   0.0 |       0 |      44 |   0.0 |  2156
           D:7 |       0 |    2735 |   0.0 |       0 |      36 |   0.0 |  2586
           D:8 |       0 |     706 |   0.0 |       0 |      15 |   0.0 |  1180
           D:9 |       0 |    4226 |   0.0 |       0 |      23 |   0.0 |  1709
          D:10 |       0 |    2712 |   0.0 |       0 |      27 |   0.0 |  1737
          D:11 |       0 |    3498 |   0.0 |       0 |      29 |   0.0 |  2074
          D:12 |       0 |    1012 |   0.0 |       0 |      19 |   0.0 |   174
        Lair:1 |       0 |    3211 |   0.0 |       0 |      14 |   0.0 |  1593
        Lair:2 |       0 |    2675 |   0.0 |       0 |       8 |   0.0 |  1123
        Lair:3 |       0 |    4577 |   0.0 |       0 |      20 |   0.0 |  2796
        Lair:4 |       0 |    8116 |   0.0 |       0 |      30 |   0.0 |  2249
        Lair:5 |       0 |    6282 |   0.0 |       0 |      17 |   0.0 |  2746
        Lair:6 |       0 |   13601 |   0.0 |       0 |      45 |   0.0 |  2629
        Bailey |       0 |     136 |   0.0 |       0 |       2 |   0.0 |    11
         IceCv |       0 |      76 |   0.0 |       0 |       9 |   0.0 |   215
               +---------+---------+-------+---------+---------+-------+---------
